 Dungeon Crawl Stone Soup version 0.27-a0-1219-g958d993ae5 (webtiles) character file.

Game seed: 14557483100932527046

46 pokeman the Magician (level 3, -5/20 HPs)
             Began as a Deep Elf Hedge Wizard on June 6, 2021.
             Killed by nerve-wracking pain
             ... invoked by Grinder
              (10 damage)
             ... on level 3 of the Dungeon.
             The game lasted 00:04:24 (3152 turns).

pokeman the Magician (Deep Elf Hedge Wizard)        Turns: 3152, Time: 00:04:25

Health: -5/20      AC:  3    Str:  7    XL:     3   Next: 46%
Magic:  6/11       EV: 11    Int: 19    God:
Gold:   86         SH:  0    Dex: 14    Spells: 1/12 levels left

rFire    . . .     SeeInvis .   a - +0 dagger
rCold    . . .     Faith    .   (no shield)
rNeg     . . .     Spirit   .   h - +0 leather armour
rPois    .         Reflect  .   c - +0 hat
rElec    .         Harm     .   (no cloak)
rCorr    .         Rampage  .   (no gloves)
Will     .....                  (no boots)
Stlth    ++........             (no amulet)
HPRegen  0.06/turn              (no ring)
MPRegen  0.12/turn              (no ring)

@: very slightly contaminated
A: no striking features
a: no special abilities


You were on level 3 of the Dungeon.
You visited 1 branch of the dungeon, and saw 3 of its levels.

You collected 86 gold pieces.

Inventory:

Hand Weapons
 a - a +0 dagger (weapon)
Missiles
 b - 15 bolts
 g - 17 arrows
Armour
 c - a +0 hat (worn)
 h - a +0 leather armour (worn)
Jewellery
 i - a ring of ice
Potions
 d - a potion of might {unknown}
 e - 2 potions of attraction {unknown}
 f - a potion of haste {unknown}
 j - a potion of flight {unknown}
 k - 2 potions of curing {unknown}


   Skills:
 - Level 1.0 Fighting
 + Level 0.9 Armour
 + Level 2.4 Dodging
 - Level 2.4 Stealth
 * Level 5.2 Spellcasting
 + Level 1.9 Conjurations
 - Level 1.1 Summonings
 - Level 1.1 Translocations


You had one spell level left.
You knew the following spells:

 Your Spells              Type           Power      Damage    Failure   Level
a - Magic Dart            Conj           48%        1d5       9%          1
b - Mephitic Cloud        Conj/Pois/Air  7%         N/A       38%         3
c - Call Imp              Summ           9%         N/A       17%         2
d - Blink                 Tloc           N/A        N/A       17%         2
e - Conjure Flame         Conj/Fire      8%         6-21      34%         3

Your spell library contained the following spells:

 Spells                   Type           Power      Damage    Failure   Level
 Corona                   Hex            4%         N/A       19%         1
 Ensorcelled Hibernation  Hex/Ice        8%         N/A       26%         2
 Slow                     Hex            4%         N/A       26%         2
 Dazzling Flash           Conj/Hex       16%        N/A       34%         3
 Confusing Touch          Hex            4%         N/A       47%         3
 Tukima's Dance           Hex            4%         N/A       47%         3


Dungeon Overview and Level Annotations

Branches:
Dungeon (3/15)

Altars:

Shops:
D:1 (

Annotations:
D:3 Grinder


Message History

An orc comes into view. It is wielding a +0 dagger.
A kobold comes into view. It is wielding a +0 short sword.
An adder comes into view.
A hobgoblin and Grinder come into view.
The hobgoblin shouts!
The kobold hits you with a +0 short sword.
The kobold hits you with a +0 short sword.
A frilled lizard comes into view.
The adder bites you but does no damage.
An orc comes into view. It is wielding a +0 whip.
An orc comes into view. It is wielding a +0 short sword.
The adder misses you. The orc hits you with a +0 dagger.
The orc barely misses you. The adder closely misses you.
The orc hits you with a +0 whip.
Casting: Magic Dart (safe; 9% risk of failure)
Confirm with . or Enter, or press ? or * to list all spells.
The spell is potentially lethal to cast (38% risk of failure)!
Continue anyway?
Aiming: Mephitic Cloud (potentially lethal; 38% risk of failure)
Press: ? - help, Shift-Dir - straight line, f - orc
Aim: an orc, wielding a +0 dagger (chance to affect: 96%)
You miscast Mephitic Cloud.
You are very lightly contaminated with residual magic.
Nothing appears to happen.
The orc shouts!
The adder completely misses you. The orc hits you with a +0 whip.
Casting: Mephitic Cloud (potentially lethal; 38% risk of failure)
Confirm with . or Enter, or press ? or * to list all spells.
You miscast Call Imp.
Nothing appears to happen.
The adder bites you but does no damage. The orc misses you.
The orc hits you with a +0 whip.
* * * LOW HITPOINT WARNING * * *
The adder bites you but does no damage. The orc hits you but does no damage.
The orc priest looks braver for a moment.
Grinder shouts!
Grinder gestures at you. Pain shoots through your body!
Ouch! That really hurt!
You die...

#.......#K##..##.#......#
##......g##....##.......#
#.......#..oo..#.......#
#.......#......#.......#
##......##..g.##.......#
#.....#.##.S##.#......#
#....#.#.#oo#.#.#.....#
#....##.#....#.##.....#
#5..# ##).(..@##.#....# #..#
#..........#.#...##### #..
#....5.......##...#...####
#.
................#.....†....
...^........................
###.####.##..######.........
.. #.....# #......... ##
##.# #......... #.........


You could see Grinder, an adder and 2 orcs.

Vanquished Creatures
  A dart slug (D:2)
  A worm (D:2)
  2 orcs (D:3)
  3 endoplasms
  4 giant cockroaches
  3 goblins
  2 hobgoblins
  4 jackals (D:3)
  3 quokkas
  5 ball pythons
  4 bats
  2 frilled lizards (D:2)
  A kobold (D:1)
  A rat (D:1)
36 creatures vanquished.

Notes
Turn   | Place    | Note
-------+----------+-------------------------------------------
     0 | D:1      | pokeman the Deep Elf Hedge Wizard began the quest for the
                  | Orb.
     0 | D:1      | Reached XP level 1. HP: 10/10 MP: 7/7
   120 | D:1      | Found a faded altar of an unknown god.
   149 | D:1      | Found Umorphymp's Weapon Emporium.
   347 | D:1      | Reached XP level 2. HP: 16/16 MP: 7/9
  1437 | D:2      | Reached skill level 5 in Spellcasting
  1624 | D:2      | Reached XP level 3. HP: 18/20 MP: 7/11
  1628 | D:2      | Learned a level 3 spell: Mephitic Cloud
  1631 | D:2      | Learned a level 2 spell: Call Imp
  1634 | D:2      | Learned a level 2 spell: Blink
  1638 | D:2      | Learned a level 3 spell: Conjure Flame
  3044 | D:3      | Reached skill level 1 in Fighting
  3132 | D:3      | Noticed Grinder
  3152 | D:3      | Killed from afar by Grinder

Illustrated notes

Levels and vault maps discovered:
D:1:      beargit_arrival_greenhouse, layout_basic, basic_ecumenical_altar,
          serial_shops, shop_fountains
D:2:      layout_basic
D:3:      layout_basic, minmay_misc_feat_secret_circle, uniq_grinder

Skill      XL: |  1  2  3 |
---------------+----------+-----
Spellcasting   | 5 |  5.2
Fighting       | 1 |  1.0
Armour         | |  0.9
Dodging        | |  2.4
Stealth        | |  2.4
Conjurations   | |  1.9
Summonings     | |  1.1
Translocations | |  1.1

Action                   || total
-------------------------++-------
Melee: Dagger            ||     5
 Cast: Magic Dart        ||   112
Armor: Robe              ||     4
       Leather armour    ||     4
Dodge: Dodged            ||    18

Table legend: (Time is in decaauts)
 A = Elapsed time spent in this place.
 B = Non-inter-level travel time spent in this place.
 C = Inter-level travel time spent in this place.
 D = Time resting spent in this place.
 E = Time spent auto-exploring this place.
 F = Levels seen in this place.
 G = Mean time per level.
                   A        B        C        D        E       F      G
               +--------+--------+--------+--------+--------+-----+--------+
         Total |   3151 |   3096 |     55 |     30 |   2817 |   3 | 1050.3 |
       Dungeon |   3151 |   3096 |     55 |     30 |   2817 |   3 | 1050.3 |
               +--------+--------+--------+--------+--------+-----+--------+

Top non-repeatable levels by time:
     D:2: 1481 daAuts
     D:1: 1008 daAuts
     D:3: 661 daAuts
